[ PARTIDA AOE2 · #474191690 ]
UnrankedMacedonians vs Celts
[ ANÁLISIS DE REPETICIÓN · EXTRAÍDO DE LA PARTIDA GRABADA ]
Feudal
11:57
Castillos
27:40
Imperial
47:05
| APM promedio | 33.9 |
| APM pico | 74 |
| eAPM promedio | 15.0 |
| Aldeanos / militares | 108 / 80 |
Foco
⚔️ 28.4% · 🌾 71.6%
Knight ×59 · Unknown (2384) ×34 · Scout Cavalry ×17 · Monk ×2 · Spearman ×2
Feudal
9:39
Castillos
30:18
Imperial
—
| APM promedio | 44.3 |
| APM pico | 95 |
| eAPM promedio | 18.3 |
| Aldeanos / militares | 181 / 78 |
Foco
⚔️ 26.9% · 🌾 73.1%
Scout Cavalry ×34 · Knight ×33 · Mangonel ×6 · Skirmisher ×5 · Trade Cart ×2
Feudal
10:46
Castillos
44:44
Imperial
—
| APM promedio | 15.0 |
| APM pico | 45 |
| eAPM promedio | 9.4 |
| Aldeanos / militares | 79 / 36 |
Foco
⚔️ 18.4% · 🌾 81.6%
Spearman ×36
Feudal
10:26
Castillos
36:09
Imperial
—
| APM promedio | 8.0 |
| APM pico | 53 |
| eAPM promedio | 6.3 |
| Aldeanos / militares | 47 / 86 |
Foco
⚔️ 36.9% · 🌾 63.1%
Spearman ×30 · Archer ×26 · Skirmisher ×25 · Militia ×4 · Petard ×1
Feudal
9:40
Castillos
23:02
Imperial
40:16
| APM promedio | 40.3 |
| APM pico | 75 |
| eAPM promedio | 20.7 |
| Aldeanos / militares | 172 / 153 |
Foco
⚔️ 34.2% · 🌾 65.8%
Knight ×116 · Archer ×15 · Scout Cavalry ×11 · Cataphract ×4 · Spearman ×3 · Trebuchet (Packed) ×3
Feudal
10:18
Castillos
22:33
Imperial
36:45
| APM promedio | 30.1 |
| APM pico | 89 |
| eAPM promedio | 14.5 |
| Aldeanos / militares | 108 / 101 |
Foco
⚔️ 26.2% · 🌾 73.8%
Knight ×85 · Scout Cavalry ×9 · Trebuchet (Packed) ×5 · Monk ×2
Feudal
10:15
Castillos
24:09
Imperial
45:19
| APM promedio | 19.0 |
| APM pico | 68 |
| eAPM promedio | 11.8 |
| Aldeanos / militares | 100 / 105 |
Foco
⚔️ 24.9% · 🌾 75.1%
Woad Raider ×74 · Scorpion ×11 · Battering Ram ×10 · Militia ×6 · Spearman ×4
Feudal
9:58
Castillos
26:19
Imperial
—
| APM promedio | 50.1 |
| APM pico | 86 |
| eAPM promedio | 21.7 |
| Aldeanos / militares | 108 / 134 |
Foco
⚔️ 31.7% · 🌾 68.3%
Archer ×116 · Spearman ×18
Mapa de la partida
Recursos iniciales + cada clic de construcción. Líneas = muros · curvas = relieve. ◆ oro · ⬟ piedra · ● bayas · ✦ reliquia · ◌ hueco del cierre
Tu base· ✓ Cerrada en 27:40 · 35t muro · 1 puerta(s)
Base de xand3· Abierta — hueco de 6t
Base de Dhevon· Abierta — flanco sin cerrar
Base de Fide· Abierta — flanco sin cerrar
Base de Edu· Abierta — flanco sin cerrar
Base de O Theus· Abierta — flanco sin cerrar
Base de |B4ST4RDS| gangster0x SKINS· ✓ Cerrada en 24:09 · 55t muro · 3 puerta(s)
Base de pIpOcAo· Abierta — flanco sin cerrar
Terreno inicial suavizado · ◌ = hueco del cierre detectado · pasá el cursor para detalles
Inputs por minuto
— Fulano - - xand3
Build order — Fulano
Primeras 150 de 340 acciones detectadas
| 0:08 | Crear | Villager (Male) |
| 0:08 | Crear | Villager (Male) |
| 0:08 | Crear | Villager (Male) |
| 0:09 | Crear | Villager (Male) |
| 0:09 | Crear | Villager (Male) |
| 0:27 | Construir | House |
| 0:31 | Construir | House |
| 0:39 | Construir | House |
| 0:46 | Investigar | Loom |
| 0:47 | Crear | Villager (Male) ×3 |
| 2:12 | Crear | Villager (Male) |
| 2:30 | Construir | Lumber Camp |
| 2:51 | Crear | Villager (Male) |
| 2:51 | Crear | Villager (Male) |
| 3:05 | Crear | Villager (Male) |
| 3:40 | Crear | Villager (Male) |
| 3:40 | Crear | Villager (Male) |
| 3:53 | Crear | Villager (Male) |
| 4:28 | Crear | Villager (Male) |
| 4:40 | Crear | Villager (Male) |
| 5:04 | Construir | Mill |
| 5:20 | Crear | Villager (Male) |
| 6:11 | Crear | Villager (Male) |
| 6:32 | Construir | House |
| 6:36 | Construir | House |
| 6:38 | Crear | Villager (Male) |
| 7:08 | Crear | Villager (Male) |
| 7:37 | Construir | Outpost |
| 7:44 | Crear | Villager (Male) |
| 7:50 | Construir | Outpost |
| 7:59 | Investigar | Tech 1270 |
| 8:01 | Crear | Villager (Male) |
| 8:24 | Construir | Barracks |
| 8:29 | Crear | Villager (Male) |
| 8:37 | Investigar | Tech 1270 |
| 9:02 | Crear | Villager (Male) |
| 9:36 | Construir | Mill |
| 9:47 | Investigar | Feudal Age |
| 10:08 | Construir | House |
| 10:12 | Construir | Palisade Wall |
| 10:59 | Construir | Mining Camp |
| 11:57 | Edad | Edad Feudal |
| 12:02 | Construir | Stable |
| 12:06 | Crear | Villager (Male) |
| 12:20 | Investigar | Double-Bit Axe |
| 12:23 | Investigar | Horse Collar |
| 12:27 | Crear | Villager (Male) |
| 12:36 | Construir | Lumber Camp |
| 12:41 | Construir | Palisade Wall |
| 12:43 | Construir | Palisade Wall |
| 13:14 | Crear | Scout Cavalry |
| 13:18 | Crear | Scout Cavalry |
| 13:35 | Construir | Palisade Wall |
| 13:36 | Construir | Palisade Wall |
| 13:39 | Crear | Scout Cavalry |
| 13:47 | Construir | Palisade Gate |
| 13:53 | Construir | Blacksmith |
| 13:54 | Crear | Villager (Male) |
| 14:25 | Construir | Farm |
| 14:27 | Crear | Scout Cavalry |
| 15:10 | Crear | Villager (Male) |
| 15:12 | Construir | Farm |
| 15:16 | Investigar | Scale Mail Armor |
| 15:41 | Construir | Farm |
| 15:41 | Construir | Farm |
| 15:41 | Construir | Farm |
| 15:41 | Construir | Farm |
| 15:41 | Construir | Farm |
| 15:41 | Construir | Farm |
| 15:45 | Construir | House |
| 15:46 | Construir | House |
| 15:55 | Crear | Villager (Male) |
| 16:16 | Construir | Farm |
| 16:39 | Construir | Farm |
| 16:41 | Construir | Farm |
| 16:42 | Crear | Villager (Male) |
| 16:51 | Construir | Outpost |
| 17:04 | Crear | Scout Cavalry |
| 17:04 | Crear | Scout Cavalry |
| 17:16 | Crear | Spearman |
| 17:16 | Crear | Spearman |
| 17:17 | Investigar | Tech 1270 |
| 17:33 | Crear | Villager (Male) |
| 17:55 | Crear | Scout Cavalry |
| 17:58 | Investigar | Bloodlines |
| 18:04 | Construir | Farm |
| 18:06 | Crear | Villager (Male) |
| 18:13 | Construir | Farm |
| 18:31 | Investigar | Forging |
| 19:06 | Construir | Stable |
| 19:16 | Crear | Scout Cavalry |
| 19:16 | Crear | Scout Cavalry |
| 19:19 | Crear | Villager (Male) |
| 20:07 | Crear | Scout Cavalry |
| 20:11 | Crear | Villager (Male) |
| 20:45 | Crear | Villager (Male) |
| 20:50 | Crear | Scout Cavalry |
| 20:50 | Crear | Scout Cavalry |
| 21:13 | Construir | Stable |
| 21:17 | Crear | Scout Cavalry |
| 21:17 | Crear | Scout Cavalry |
| 21:20 | Crear | Villager (Male) |
| 21:20 | Crear | Villager (Male) |
| 21:26 | Investigar | Wheelbarrow |
| 21:31 | Construir | House |
| 21:32 | Construir | House |
| 21:32 | Construir | House |
| 21:58 | Crear | Scout Cavalry |
| 21:59 | Crear | Scout Cavalry |
| 22:02 | Crear | Villager (Male) |
| 22:26 | Crear | Villager (Male) |
| 22:30 | Crear | Scout Cavalry |
| 23:29 | Construir | Farm |
| 23:30 | Construir | Farm |
| 23:32 | Construir | Farm |
| 23:34 | Construir | Farm |
| 23:35 | Construir | Farm |
| 23:36 | Construir | Farm |
| 23:37 | Construir | Farm |
| 23:43 | Construir | House |
| 23:55 | Construir | Farm |
| 24:27 | Crear | Villager (Male) |
| 25:00 | Investigar | Castle Age |
| 25:17 | Construir | Outpost |
| 25:25 | Investigar | Gold Mining |
| 25:54 | Investigar | Town Watch |
| 26:13 | Construir | Mining Camp |
| 26:37 | Investigar | Tech 1270 |
| 26:42 | Construir | Outpost |
| 27:24 | Investigar | Tech 1270 |
| 27:37 | Construir | Outpost |
| 27:40 | Edad | Edad de los Castillos |
| 27:45 | Crear | Knight |
| 27:45 | Crear | Knight |
| 27:45 | Crear | Knight |
| 27:53 | Crear | Knight |
| 27:53 | Crear | Knight |
| 27:53 | Crear | Knight |
| 27:54 | Crear | Knight |
| 27:54 | Crear | Knight |
| 27:54 | Crear | Knight |
| 28:02 | Investigar | Stone Mining |
| 28:08 | Crear | Villager (Male) |
| 28:32 | Construir | Town Center |
| 28:37 | Crear | Villager (Male) |
| 28:39 | Crear | Knight |
| 28:39 | Crear | Knight |
| 28:39 | Crear | Knight |
| 29:42 | Construir | Outpost |
| 29:46 | Crear | Knight |
Build order — xand3
Primeras 150 de 392 acciones detectadas
| 0:02 | Construir | House |
| 0:04 | Construir | House |
| 0:17 | Crear | Villager (Male) |
| 0:17 | Crear | Villager (Male) |
| 0:17 | Crear | Villager (Male) |
| 0:18 | Crear | Villager (Male) |
| 0:18 | Crear | Villager (Male) |
| 1:31 | Crear | Villager (Male) |
| 2:03 | Construir | Lumber Camp |
| 2:08 | Crear | Villager (Male) |
| 2:24 | Crear | Villager (Male) |
| 2:58 | Crear | Villager (Male) |
| 2:59 | Crear | Villager (Male) |
| 3:12 | Crear | Villager (Male) |
| 3:46 | Crear | Villager (Male) |
| 3:46 | Crear | Villager (Male) |
| 3:51 | Construir | Mill |
| 4:23 | Crear | Villager (Male) |
| 4:35 | Construir | House |
| 4:47 | Crear | Villager (Male) |
| 5:00 | Crear | Villager (Male) |
| 5:02 | Construir | House |
| 5:24 | Crear | Villager (Male) |
| 5:55 | Crear | Villager (Male) |
| 5:55 | Crear | Villager (Male) |
| 5:58 | Crear | Villager (Male) |
| 6:19 | Crear | Villager (Male) |
| 6:24 | Crear | Villager (Male) |
| 6:24 | Crear | Villager (Male) |
| 6:53 | Investigar | Loom |
| 7:09 | Construir | Farm |
| 7:29 | Investigar | Feudal Age |
| 8:29 | Crear | Villager (Male) |
| 8:46 | Construir | Barracks |
| 9:11 | Crear | Villager (Male) |
| 9:39 | Edad | Edad Feudal |
| 10:12 | Crear | Villager (Male) |
| 10:14 | Construir | Stable |
| 10:17 | Crear | Villager (Male) |
| 10:17 | Investigar | Double-Bit Axe |
| 10:21 | Crear | Villager (Male) |
| 10:29 | Crear | Villager (Male) |
| 10:43 | Construir | House |
| 10:51 | Crear | Scout Cavalry |
| 10:51 | Crear | Scout Cavalry |
| 10:57 | Crear | Villager (Male) |
| 11:03 | Construir | Farm |
| 11:08 | Construir | Farm |
| 11:11 | Crear | Villager (Male) |
| 11:23 | Construir | Watch Tower |
| 11:31 | Construir | Farm |
| 11:33 | Crear | Villager (Male) |
| 11:33 | Crear | Villager (Male) |
| 11:38 | Crear | Scout Cavalry |
| 11:49 | Crear | Scout Cavalry |
| 11:57 | Construir | Farm |
| 12:00 | Construir | Farm |
| 12:02 | Crear | Villager (Male) |
| 12:02 | Crear | Villager (Male) |
| 12:09 | Crear | Scout Cavalry |
| 12:19 | Crear | Villager (Male) |
| 12:24 | Construir | Blacksmith |
| 12:31 | Construir | House |
| 12:37 | Crear | Scout Cavalry |
| 13:13 | Crear | Villager (Male) |
| 13:18 | Construir | Farm |
| 13:58 | Crear | Scout Cavalry |
| 14:20 | Crear | Villager (Male) |
| 14:24 | Crear | Scout Cavalry |
| 14:26 | Construir | Farm |
| 14:27 | Construir | Farm |
| 14:29 | Construir | Farm |
| 14:47 | Crear | Villager (Male) |
| 14:50 | Construir | House |
| 14:51 | Construir | House |
| 15:09 | Crear | Villager (Male) |
| 15:12 | Construir | Farm |
| 15:40 | Crear | Scout Cavalry |
| 15:44 | Construir | Stable |
| 15:50 | Construir | Market |
| 15:52 | Crear | Villager (Male) |
| 16:00 | Construir | Farm |
| 16:01 | Construir | Farm |
| 16:03 | Construir | Farm |
| 16:04 | Crear | Villager (Male) |
| 16:11 | Construir | Farm |
| 16:23 | Construir | Farm |
| 16:24 | Crear | Villager (Male) |
| 17:00 | Crear | Scout Cavalry |
| 17:06 | Crear | Villager (Male) |
| 17:12 | Crear | Scout Cavalry |
| 17:12 | Crear | Scout Cavalry |
| 17:13 | Crear | Scout Cavalry |
| 17:22 | Crear | Villager (Male) |
| 17:25 | Construir | Farm |
| 17:36 | Construir | Archery Range |
| 17:44 | Crear | Scout Cavalry |
| 17:50 | Crear | Villager (Male) |
| 18:04 | Investigar | Scale Barding Armor |
| 18:09 | Crear | Villager (Male) |
| 18:21 | Crear | Scout Cavalry |
| 18:25 | Construir | House |
| 18:27 | Construir | House |
| 18:41 | Construir | House |
| 18:42 | Crear | Skirmisher |
| 18:42 | Crear | Skirmisher |
| 18:49 | Construir | House |
| 19:01 | Crear | Scout Cavalry |
| 19:06 | Crear | Scout Cavalry |
| 19:06 | Crear | Scout Cavalry |
| 19:27 | Crear | Scout Cavalry |
| 19:31 | Crear | Villager (Male) |
| 20:40 | Crear | Scout Cavalry |
| 20:40 | Crear | Scout Cavalry |
| 20:41 | Crear | Scout Cavalry |
| 20:50 | Crear | Villager (Male) |
| 20:50 | Crear | Villager (Male) |
| 21:03 | Crear | Skirmisher |
| 21:04 | Crear | Skirmisher |
| 21:04 | Crear | Skirmisher |
| 21:09 | Investigar | Fletching |
| 21:09 | Investigar | Padded Archer Armor |
| 21:10 | Crear | Villager (Male) |
| 21:59 | Crear | Scout Cavalry |
| 21:59 | Crear | Scout Cavalry |
| 22:01 | Crear | Scout Cavalry |
| 22:16 | Crear | Villager (Male) |
| 22:28 | Crear | Villager (Male) |
| 22:37 | Crear | Scout Cavalry |
| 22:42 | Crear | Scout Cavalry |
| 22:45 | Crear | Villager (Male) |
| 22:48 | Construir | Mining Camp |
| 23:08 | Crear | Villager (Male) |
| 23:23 | Crear | Scout Cavalry |
| 23:23 | Crear | Scout Cavalry |
| 23:27 | Crear | Scout Cavalry |
| 23:28 | Crear | Scout Cavalry |
| 23:41 | Crear | Villager (Male) |
| 23:53 | Construir | Mining Camp |
| 24:08 | Crear | Scout Cavalry |
| 24:14 | Crear | Scout Cavalry |
| 24:22 | Crear | Villager (Male) |
| 24:55 | Crear | Villager (Male) |
| 25:03 | Construir | Lumber Camp |
| 25:06 | Construir | Lumber Camp |
| 25:13 | Construir | Farm |
| 25:15 | Crear | Villager (Male) |
| 25:23 | Construir | House |
| 25:25 | Construir | House |
| 25:33 | Construir | Farm |
Build order — Dhevon
Primeras 150 de 189 acciones detectadas
| 0:03 | Crear | Villager (Male) |
| 0:03 | Crear | Villager (Male) |
| 0:04 | Crear | Villager (Male) |
| 0:04 | Crear | Villager (Male) |
| 0:04 | Crear | Villager (Male) |
| 0:12 | Construir | House |
| 0:16 | Construir | House |
| 2:03 | Crear | Villager (Male) |
| 2:33 | Crear | Villager (Male) |
| 2:33 | Crear | Villager (Male) |
| 2:33 | Crear | Villager (Male) |
| 3:21 | Crear | Villager (Male) |
| 3:21 | Crear | Villager (Male) |
| 3:21 | Crear | Villager (Male) |
| 4:16 | Construir | Mill |
| 4:23 | Construir | House |
| 4:46 | Crear | Villager (Male) |
| 4:46 | Crear | Villager (Male) |
| 4:47 | Crear | Villager (Male) |
| 5:08 | Crear | Villager (Male) |
| 5:08 | Crear | Villager (Male) |
| 5:41 | Crear | Villager (Male) |
| 5:41 | Crear | Villager (Male) |
| 6:39 | Crear | Villager (Male) |
| 6:40 | Crear | Villager (Male) |
| 7:24 | Construir | Barracks |
| 7:45 | Crear | Villager (Male) |
| 7:45 | Crear | Villager (Male) |
| 8:14 | Construir | House |
| 8:31 | Investigar | Feudal Age |
| 9:27 | Construir | Mining Camp |
| 9:39 | Investigar | Loom |
| 10:29 | Construir | Lumber Camp |
| 10:37 | Construir | Palisade Wall |
| 10:43 | Construir | Palisade Wall |
| 10:46 | Edad | Edad Feudal |
| 10:58 | Construir | Palisade Gate |
| 11:04 | Construir | Palisade Wall |
| 11:14 | Crear | Villager (Male) |
| 11:15 | Crear | Villager (Male) |
| 11:15 | Crear | Villager (Male) |
| 11:33 | Crear | Spearman |
| 11:33 | Crear | Spearman |
| 11:47 | Construir | House |
| 12:19 | Investigar | Double-Bit Axe |
| 12:19 | Investigar | Double-Bit Axe |
| 12:54 | Construir | House |
| 13:00 | Construir | Palisade Wall |
| 13:17 | Crear | Villager (Male) |
| 13:17 | Crear | Villager (Male) |
| 13:17 | Crear | Villager (Male) |
| 13:29 | Construir | Lumber Camp |
| 14:46 | Construir | Farm |
| 14:46 | Construir | Farm |
| 15:01 | Crear | Spearman |
| 15:01 | Crear | Spearman |
| 15:02 | Crear | Spearman |
| 18:03 | Construir | Farm |
| 18:03 | Construir | Farm |
| 20:05 | Construir | Lumber Camp |
| 24:22 | Construir | Town Center |
| 26:03 | Crear | Villager (Male) |
| 26:04 | Crear | Villager (Male) |
| 26:04 | Crear | Villager (Male) |
| 26:04 | Crear | Villager (Male) |
| 26:04 | Crear | Villager (Male) |
| 26:05 | Crear | Villager (Male) |
| 26:16 | Construir | House |
| 26:19 | Construir | House |
| 27:50 | Construir | House |
| 27:50 | Construir | House |
| 27:52 | Construir | House |
| 27:52 | Construir | House |
| 28:56 | Construir | Farm |
| 28:57 | Construir | Farm |
| 28:57 | Construir | Farm |
| 29:09 | Construir | Farm |
| 29:09 | Construir | Farm |
| 29:10 | Construir | Farm |
| 29:11 | Construir | Farm |
| 29:11 | Construir | Farm |
| 30:15 | Crear | Villager (Male) |
| 30:21 | Crear | Villager (Male) |
| 31:23 | Crear | Villager (Male) |
| 31:23 | Crear | Villager (Male) |
| 31:23 | Crear | Villager (Male) |
| 31:23 | Crear | Villager (Male) |
| 31:46 | Construir | Mill |
| 31:52 | Construir | Farm |
| 31:52 | Construir | Farm |
| 31:53 | Construir | Farm |
| 31:54 | Construir | Farm |
| 31:54 | Construir | Farm |
| 31:55 | Construir | Farm |
| 31:58 | Crear | Villager (Male) |
| 32:55 | Crear | Villager (Male) |
| 32:55 | Crear | Villager (Male) |
| 32:55 | Crear | Villager (Male) |
| 32:56 | Crear | Villager (Male) |
| 32:56 | Crear | Villager (Male) |
| 33:31 | Crear | Villager (Male) |
| 33:31 | Crear | Villager (Male) |
| 33:31 | Crear | Villager (Male) |
| 34:10 | Construir | Farm |
| 34:10 | Construir | Farm |
| 36:02 | Crear | Villager (Male) |
| 36:02 | Crear | Villager (Male) |
| 36:03 | Crear | Villager (Male) |
| 36:03 | Crear | Villager (Male) |
| 36:12 | Construir | Barracks |
| 36:16 | Crear | Villager (Male) |
| 36:16 | Crear | Villager (Male) |
| 36:27 | Crear | Villager (Male) |
| 36:27 | Crear | Villager (Male) |
| 36:27 | Crear | Villager (Male) |
| 36:27 | Crear | Villager (Male) |
| 36:28 | Crear | Villager (Male) |
| 36:28 | Crear | Villager (Male) |
| 36:47 | Crear | Villager (Male) |
| 36:48 | Crear | Villager (Male) |
| 36:48 | Crear | Villager (Male) |
| 36:48 | Crear | Villager (Male) |
| 36:48 | Crear | Villager (Male) |
| 37:02 | Construir | Barracks |
| 38:00 | Crear | Spearman |
| 38:00 | Crear | Spearman |
| 38:00 | Crear | Spearman |
| 38:54 | Crear | Villager (Male) |
| 38:54 | Crear | Villager (Male) |
| 39:08 | Construir | Mill |
| 39:22 | Construir | Blacksmith |
| 39:41 | Construir | Market |
| 40:26 | Investigar | Forging |
| 40:26 | Investigar | Scale Mail Armor |
| 40:49 | Investigar | Wheelbarrow |
| 41:20 | Investigar | Castle Age |
| 41:30 | Construir | House |
| 41:31 | Construir | House |
| 41:31 | Construir | House |
| 41:31 | Construir | House |
| 41:32 | Construir | House |
| 41:32 | Construir | House |
| 41:32 | Construir | House |
| 42:24 | Construir | Farm |
| 42:27 | Construir | Farm |
| 42:33 | Construir | Farm |
| 42:43 | Construir | House |
| 42:53 | Crear | Villager (Male) |
| 42:53 | Crear | Villager (Male) |
| 42:54 | Crear | Villager (Male) |
Build order — Fide
Primeras 150 de 203 acciones detectadas
| 0:10 | Construir | House |
| 0:14 | Construir | House |
| 0:17 | Construir | House |
| 0:19 | Crear | Villager (Male) |
| 0:19 | Crear | Villager (Male) |
| 0:19 | Crear | Villager (Male) |
| 0:20 | Crear | Villager (Male) |
| 1:41 | Crear | Villager (Male) |
| 1:41 | Crear | Villager (Male) |
| 2:50 | Crear | Villager (Male) |
| 2:51 | Crear | Villager (Male) |
| 2:51 | Crear | Villager (Male) |
| 3:33 | Construir | Lumber Camp |
| 4:32 | Construir | Mill |
| 8:16 | Investigar | Feudal Age |
| 8:29 | Investigar | Loom |
| 8:53 | Crear | Villager (Male) |
| 8:53 | Crear | Villager (Male) |
| 9:11 | Construir | Barracks |
| 9:34 | Crear | Villager (Male) |
| 10:26 | Edad | Edad Feudal |
| 11:19 | Crear | Spearman |
| 11:19 | Crear | Spearman |
| 11:19 | Crear | Spearman |
| 11:20 | Crear | Spearman |
| 11:25 | Crear | Spearman |
| 11:28 | Crear | Spearman |
| 12:33 | Construir | House |
| 12:36 | Construir | House |
| 13:03 | Investigar | Wheelbarrow |
| 14:08 | Investigar | Man-at-Arms (upgrade) |
| 14:28 | Crear | Villager (Male) |
| 14:28 | Crear | Villager (Male) |
| 14:34 | Investigar | Horse Collar |
| 15:42 | Crear | Villager (Male) |
| 15:42 | Crear | Villager (Male) |
| 16:50 | Crear | Villager (Male) |
| 17:03 | Construir | Mining Camp |
| 17:47 | Construir | Archery Range |
| 18:21 | Crear | Militia |
| 18:21 | Crear | Militia |
| 18:21 | Crear | Militia |
| 18:22 | Crear | Militia |
| 18:59 | Crear | Skirmisher |
| 18:59 | Crear | Skirmisher |
| 18:59 | Crear | Skirmisher |
| 19:00 | Crear | Skirmisher |
| 19:00 | Crear | Skirmisher |
| 19:24 | Construir | Farm |
| 19:24 | Construir | Farm |
| 19:24 | Construir | Farm |
| 19:25 | Construir | Farm |
| 19:25 | Construir | Farm |
| 19:25 | Construir | Farm |
| 19:26 | Construir | Farm |
| 19:26 | Construir | Farm |
| 19:27 | Construir | Farm |
| 19:31 | Crear | Villager (Male) |
| 19:31 | Crear | Villager (Male) |
| 19:31 | Crear | Villager (Male) |
| 19:44 | Crear | Skirmisher |
| 19:44 | Crear | Skirmisher |
| 21:16 | Construir | House |
| 22:29 | Construir | Mining Camp |
| 22:31 | Crear | Villager (Male) |
| 22:32 | Crear | Villager (Male) |
| 23:27 | Construir | Farm |
| 23:31 | Construir | Farm |
| 23:53 | Construir | House |
| 24:07 | Crear | Villager (Male) |
| 24:42 | Construir | Blacksmith |
| 24:50 | Crear | Spearman |
| 24:50 | Crear | Spearman |
| 24:50 | Crear | Spearman |
| 24:51 | Crear | Spearman |
| 24:51 | Crear | Spearman |
| 24:51 | Crear | Spearman |
| 25:03 | Crear | Villager (Male) |
| 25:10 | Crear | Spearman |
| 25:19 | Crear | Skirmisher |
| 25:19 | Crear | Skirmisher |
| 25:20 | Crear | Skirmisher |
| 25:26 | Crear | Skirmisher |
| 25:26 | Crear | Skirmisher |
| 25:36 | Construir | Farm |
| 25:58 | Investigar | Fletching |
| 26:03 | Investigar | Padded Archer Armor |
| 27:36 | Investigar | Forging |
| 27:37 | Investigar | Scale Mail Armor |
| 28:17 | Crear | Villager (Male) |
| 28:17 | Crear | Villager (Male) |
| 28:17 | Crear | Villager (Male) |
| 28:18 | Crear | Villager (Male) |
| 28:29 | Crear | Archer |
| 28:29 | Crear | Archer |
| 28:29 | Crear | Archer |
| 28:30 | Crear | Archer |
| 28:30 | Crear | Archer |
| 28:32 | Crear | Archer |
| 29:10 | Construir | Market |
| 29:22 | Crear | Villager (Male) |
| 29:22 | Crear | Villager (Male) |
| 29:22 | Crear | Villager (Male) |
| 29:30 | Crear | Archer |
| 29:30 | Crear | Archer |
| 29:30 | Crear | Archer |
| 29:31 | Crear | Archer |
| 29:39 | Construir | House |
| 29:40 | Construir | House |
| 29:42 | Construir | House |
| 29:43 | Construir | House |
| 30:07 | Construir | Farm |
| 30:38 | Investigar | Double-Bit Axe |
| 31:29 | Crear | Villager (Male) |
| 31:29 | Crear | Villager (Male) |
| 32:09 | Construir | Archery Range |
| 33:18 | Construir | Archery Range |
| 33:29 | Investigar | Castle Age |
| 36:08 | Crear | Archer |
| 36:08 | Crear | Archer |
| 36:09 | Edad | Edad de los Castillos |
| 36:19 | Crear | Archer |
| 36:21 | Investigar | Crossbowman (upgrade) |
| 36:23 | Investigar | Elite Skirmisher (upgrade) |
| 36:27 | Crear | Skirmisher |
| 36:28 | Crear | Skirmisher |
| 36:29 | Crear | Skirmisher |
| 36:29 | Crear | Skirmisher |
| 36:32 | Crear | Skirmisher |
| 36:32 | Crear | Skirmisher |
| 37:13 | Construir | Farm |
| 37:38 | Construir | Castle |
| 37:45 | Crear | Villager (Male) |
| 37:46 | Crear | Villager (Male) |
| 38:05 | Crear | Archer |
| 38:07 | Crear | Archer |
| 38:08 | Crear | Archer |
| 38:26 | Construir | Archery Range |
| 39:09 | Crear | Archer |
| 39:11 | Crear | Archer |
| 39:12 | Crear | Archer |
| 39:20 | Construir | Farm |
| 39:21 | Construir | Farm |
| 39:30 | Construir | Farm |
| 40:16 | Construir | Lumber Camp |
| 40:21 | Crear | Villager (Male) |
| 40:22 | Crear | Villager (Male) |
| 40:29 | Crear | Archer |
| 40:31 | Crear | Archer |
| 41:13 | Crear | Villager (Male) |
Build order — Edu
Primeras 150 de 548 acciones detectadas
| 0:00 | Crear | Villager (Male) |
| 0:00 | Crear | Villager (Male) |
| 0:02 | Construir | House |
| 0:03 | Construir | House |
| 0:04 | Crear | Villager (Male) |
| 0:04 | Crear | Villager (Male) |
| 1:26 | Crear | Villager (Male) |
| 1:54 | Construir | Lumber Camp |
| 2:06 | Crear | Villager (Male) |
| 2:21 | Crear | Villager (Male) |
| 2:52 | Crear | Villager (Male) |
| 3:10 | Crear | Villager (Male) |
| 3:38 | Crear | Villager (Male) |
| 3:56 | Construir | House |
| 4:07 | Crear | Villager (Male) |
| 4:38 | Crear | Villager (Male) |
| 4:41 | Construir | Mill |
| 4:47 | Crear | Villager (Male) |
| 5:03 | Crear | Villager (Male) |
| 5:20 | Crear | Villager (Male) |
| 5:34 | Construir | House |
| 5:50 | Crear | Villager (Male) |
| 6:24 | Construir | House |
| 6:28 | Crear | Villager (Male) |
| 7:02 | Investigar | Loom |
| 7:30 | Investigar | Feudal Age |
| 7:33 | Construir | Lumber Camp |
| 8:47 | Construir | Barracks |
| 9:09 | Crear | Villager (Male) |
| 9:09 | Crear | Villager (Male) |
| 9:40 | Edad | Edad Feudal |
| 9:42 | Crear | Villager (Male) |
| 9:44 | Construir | Stable |
| 9:46 | Investigar | Double-Bit Axe |
| 9:46 | Investigar | Horse Collar |
| 10:05 | Construir | Farm |
| 10:13 | Construir | Farm |
| 10:18 | Crear | Spearman |
| 10:21 | Construir | House |
| 10:24 | Construir | Palisade Wall |
| 10:29 | Crear | Scout Cavalry |
| 10:37 | Construir | Farm |
| 10:48 | Construir | Farm |
| 10:51 | Crear | Scout Cavalry |
| 11:09 | Construir | Farm |
| 11:21 | Crear | Villager (Male) |
| 11:32 | Construir | Farm |
| 11:48 | Construir | Farm |
| 11:50 | Crear | Scout Cavalry |
| 11:57 | Crear | Villager (Male) |
| 11:59 | Construir | Farm |
| 12:08 | Construir | Farm |
| 12:12 | Crear | Villager (Male) |
| 12:22 | Crear | Scout Cavalry |
| 12:26 | Crear | Spearman |
| 12:32 | Construir | House |
| 12:38 | Construir | Farm |
| 12:41 | Crear | Villager (Male) |
| 12:49 | Crear | Spearman |
| 13:10 | Crear | Villager (Male) |
| 13:14 | Crear | Villager (Male) |
| 13:16 | Construir | Farm |
| 13:36 | Crear | Villager (Male) |
| 13:43 | Construir | House |
| 13:44 | Crear | Villager (Male) |
| 13:46 | Construir | Farm |
| 13:51 | Crear | Scout Cavalry |
| 14:01 | Crear | Villager (Male) |
| 14:05 | Construir | House |
| 14:26 | Construir | House |
| 14:29 | Crear | Villager (Male) |
| 14:31 | Crear | Scout Cavalry |
| 14:59 | Construir | Blacksmith |
| 14:59 | Crear | Villager (Male) |
| 15:15 | Construir | Farm |
| 15:19 | Crear | Villager (Male) |
| 15:19 | Crear | Villager (Male) |
| 15:19 | Crear | Villager (Male) |
| 15:21 | Crear | Villager (Male) |
| 15:32 | Crear | Villager (Male) |
| 15:35 | Construir | House |
| 15:37 | Crear | Villager (Male) |
| 15:37 | Crear | Villager (Male) |
| 15:38 | Crear | Villager (Male) |
| 15:53 | Investigar | Scale Barding Armor |
| 15:55 | Crear | Villager (Male) |
| 16:12 | Crear | Villager (Male) |
| 16:14 | Crear | Scout Cavalry |
| 16:23 | Construir | Mining Camp |
| 16:32 | Construir | Farm |
| 16:33 | Construir | Farm |
| 17:02 | Crear | Villager (Male) |
| 17:06 | Crear | Villager (Male) |
| 17:23 | Investigar | Forging |
| 17:24 | Crear | Villager (Male) |
| 17:32 | Construir | Lumber Camp |
| 17:36 | Construir | Farm |
| 17:39 | Construir | Farm |
| 17:53 | Crear | Scout Cavalry |
| 17:54 | Crear | Villager (Male) |
| 17:59 | Construir | Farm |
| 18:21 | Crear | Villager (Male) |
| 18:21 | Crear | Villager (Male) |
| 18:30 | Construir | Farm |
| 18:30 | Construir | Farm |
| 18:40 | Investigar | Wheelbarrow |
| 18:52 | Construir | Market |
| 19:31 | Construir | House |
| 20:22 | Investigar | Castle Age |
| 20:24 | Construir | Stable |
| 20:45 | Crear | Scout Cavalry |
| 21:00 | Crear | Scout Cavalry |
| 21:03 | Construir | House |
| 21:06 | Investigar | Gold Mining |
| 21:24 | Construir | House |
| 21:27 | Crear | Scout Cavalry |
| 22:19 | Construir | Stable |
| 22:43 | Construir | House |
| 22:55 | Construir | Farm |
| 23:02 | Edad | Edad de los Castillos |
| 23:05 | Crear | Knight |
| 23:05 | Crear | Knight |
| 23:05 | Crear | Knight |
| 23:05 | Crear | Knight |
| 23:06 | Crear | Knight |
| 23:06 | Crear | Knight |
| 23:08 | Investigar | Chain Barding Armor |
| 23:11 | Investigar | Husbandry |
| 23:36 | Construir | Farm |
| 23:39 | Construir | Town Center |
| 23:44 | Crear | Villager (Male) |
| 23:46 | Crear | Knight |
| 23:46 | Crear | Knight |
| 23:47 | Crear | Knight |
| 23:47 | Crear | Knight |
| 23:47 | Crear | Knight |
| 23:49 | Crear | Villager (Male) |
| 23:54 | Construir | House |
| 23:55 | Construir | House |
| 24:02 | Construir | Farm |
| 24:08 | Investigar | Bow Saw |
| 24:12 | Crear | Villager (Male) |
| 24:28 | Crear | Knight |
| 24:31 | Crear | Villager (Male) |
| 24:38 | Construir | Farm |
| 25:04 | Crear | Knight |
| 25:04 | Crear | Knight |
| 25:06 | Construir | Farm |
| 25:07 | Crear | Villager (Male) |
| 25:13 | Crear | Villager (Male) |
Build order — O Theus
Primeras 150 de 282 acciones detectadas
| 0:00 | Crear | Villager (Male) |
| 0:02 | Construir | House |
| 0:05 | Construir | House |
| 0:09 | Crear | Villager (Male) |
| 0:09 | Crear | Villager (Male) |
| 0:09 | Crear | Villager (Male) |
| 1:25 | Crear | Villager (Male) |
| 1:45 | Crear | Villager (Male) |
| 1:47 | Construir | Lumber Camp |
| 2:25 | Crear | Villager (Male) |
| 3:03 | Crear | Villager (Male) |
| 3:04 | Crear | Villager (Male) |
| 3:30 | Construir | House |
| 3:42 | Crear | Villager (Male) |
| 4:12 | Crear | Villager (Male) |
| 4:30 | Crear | Villager (Male) |
| 4:48 | Crear | Villager (Male) |
| 5:14 | Construir | Mill |
| 5:22 | Construir | House |
| 5:30 | Crear | Villager (Male) |
| 5:47 | Crear | Villager (Male) |
| 5:53 | Crear | Villager (Male) |
| 6:22 | Crear | Villager (Male) |
| 6:23 | Crear | Villager (Male) |
| 6:59 | Crear | Villager (Male) |
| 7:43 | Investigar | Loom |
| 8:02 | Investigar | Feudal Age |
| 9:02 | Construir | Barracks |
| 9:05 | Construir | House |
| 9:07 | Construir | Palisade Wall |
| 9:31 | Crear | Villager (Male) |
| 9:32 | Crear | Villager (Male) |
| 10:18 | Edad | Edad Feudal |
| 10:21 | Construir | Stable |
| 10:43 | Investigar | Double-Bit Axe |
| 10:50 | Crear | Villager (Male) |
| 11:01 | Crear | Scout Cavalry |
| 11:01 | Crear | Scout Cavalry |
| 11:22 | Crear | Villager (Male) |
| 11:23 | Crear | Villager (Male) |
| 11:30 | Construir | Blacksmith |
| 11:39 | Construir | Farm |
| 11:40 | Construir | Farm |
| 11:40 | Construir | Farm |
| 11:42 | Construir | Farm |
| 11:56 | Crear | Scout Cavalry |
| 11:58 | Crear | Villager (Male) |
| 12:27 | Construir | Farm |
| 12:38 | Investigar | Forging |
| 12:39 | Crear | Villager (Male) |
| 12:52 | Construir | Mill |
| 12:53 | Construir | Farm |
| 12:53 | Construir | Farm |
| 12:57 | Crear | Villager (Male) |
| 13:02 | Crear | Scout Cavalry |
| 13:23 | Crear | Villager (Male) |
| 13:24 | Crear | Villager (Male) |
| 13:29 | Construir | House |
| 13:30 | Construir | House |
| 13:32 | Construir | Farm |
| 13:32 | Construir | Farm |
| 13:37 | Construir | Farm |
| 14:14 | Crear | Villager (Male) |
| 14:15 | Crear | Scout Cavalry |
| 14:27 | Crear | Scout Cavalry |
| 14:48 | Crear | Scout Cavalry |
| 15:20 | Crear | Scout Cavalry |
| 15:21 | Crear | Villager (Male) |
| 15:21 | Crear | Villager (Male) |
| 15:45 | Crear | Villager (Male) |
| 15:45 | Crear | Villager (Male) |
| 15:46 | Crear | Scout Cavalry |
| 16:30 | Crear | Villager (Male) |
| 16:36 | Construir | Farm |
| 16:36 | Construir | Farm |
| 16:36 | Construir | Farm |
| 16:36 | Construir | Farm |
| 16:37 | Construir | Farm |
| 16:38 | Construir | Farm |
| 16:38 | Construir | Farm |
| 16:38 | Construir | Farm |
| 16:39 | Construir | Farm |
| 16:39 | Construir | Farm |
| 17:39 | Crear | Villager (Male) |
| 17:39 | Crear | Villager (Male) |
| 17:55 | Construir | Mill |
| 17:55 | Construir | Farm |
| 17:56 | Construir | Farm |
| 17:56 | Construir | Farm |
| 17:56 | Construir | Farm |
| 17:57 | Crear | Villager (Male) |
| 18:21 | Crear | Villager (Male) |
| 18:55 | Construir | Market |
| 19:27 | Construir | Lumber Camp |
| 19:53 | Investigar | Castle Age |
| 19:58 | Construir | Stable |
| 20:11 | Construir | Mining Camp |
| 20:22 | Investigar | Horse Collar |
| 20:26 | Investigar | Bloodlines |
| 21:28 | Investigar | Wheelbarrow |
| 22:33 | Edad | Edad de los Castillos |
| 22:36 | Investigar | Husbandry |
| 22:47 | Construir | Mining Camp |
| 22:50 | Investigar | Gold Mining |
| 22:50 | Investigar | Stone Mining |
| 22:52 | Investigar | Heavy Plow |
| 22:53 | Investigar | Bow Saw |
| 22:57 | Crear | Villager (Male) |
| 22:57 | Crear | Villager (Male) |
| 22:59 | Crear | Knight |
| 23:00 | Crear | Knight |
| 23:13 | Crear | Villager (Male) |
| 23:19 | Investigar | Scale Barding Armor |
| 23:21 | Crear | Villager (Male) |
| 23:52 | Crear | Knight |
| 23:55 | Crear | Villager (Male) |
| 23:55 | Crear | Villager (Male) |
| 24:30 | Construir | Town Center |
| 24:39 | Crear | Villager (Male) |
| 24:39 | Crear | Villager (Male) |
| 24:48 | Crear | Knight |
| 24:48 | Crear | Knight |
| 25:53 | Crear | Villager (Male) |
| 25:53 | Crear | Villager (Male) |
| 25:55 | Construir | House |
| 25:56 | Construir | House |
| 25:58 | Construir | House |
| 25:59 | Construir | House |
| 26:05 | Crear | Villager (Male) |
| 26:06 | Crear | Villager (Male) |
| 26:06 | Crear | Villager (Male) |
| 26:07 | Crear | Villager (Male) |
| 26:35 | Construir | Town Center |
| 26:43 | Crear | Villager (Male) |
| 26:43 | Crear | Villager (Male) |
| 26:56 | Construir | Lumber Camp |
| 26:57 | Crear | Villager (Male) |
| 26:58 | Crear | Villager (Male) |
| 27:11 | Construir | Town Center |
| 27:13 | Crear | Villager (Male) |
| 27:13 | Crear | Villager (Male) |
| 27:46 | Crear | Villager (Male) |
| 27:57 | Crear | Villager (Male) |
| 27:57 | Crear | Villager (Male) |
| 27:58 | Crear | Villager (Male) |
| 28:06 | Crear | Villager (Male) |
| 28:06 | Crear | Villager (Male) |
| 28:06 | Crear | Villager (Male) |
| 28:07 | Crear | Villager (Male) |
| 28:21 | Construir | Mill |
Build order — |B4ST4RDS| gangster0x SKINS
Primeras 150 de 311 acciones detectadas
| 0:00 | Crear | Villager (Male) |
| 0:01 | Crear | Villager (Male) |
| 0:03 | Construir | House |
| 0:05 | Construir | House |
| 0:20 | Crear | Villager (Male) |
| 0:35 | Crear | Villager (Male) |
| 1:49 | Crear | Villager (Male) |
| 2:03 | Construir | Lumber Camp |
| 2:06 | Crear | Villager (Male) |
| 2:48 | Crear | Villager (Male) |
| 2:50 | Crear | Villager (Male) |
| 3:10 | Crear | Villager (Male) |
| 3:36 | Crear | Villager (Male) |
| 3:49 | Construir | House |
| 3:51 | Construir | House |
| 3:56 | Crear | Villager (Male) |
| 4:37 | Construir | Mill |
| 5:02 | Crear | Villager (Male) |
| 5:03 | Crear | Villager (Male) |
| 5:23 | Crear | Villager (Male) |
| 6:01 | Crear | Villager (Male) |
| 6:51 | Construir | Palisade Wall |
| 6:57 | Construir | Palisade Wall |
| 7:06 | Construir | Palisade Gate |
| 7:11 | Crear | Villager (Male) |
| 7:12 | Crear | Villager (Male) |
| 7:38 | Investigar | Loom |
| 7:40 | Crear | Villager (Male) |
| 8:04 | Investigar | Feudal Age |
| 8:55 | Construir | Barracks |
| 9:20 | Crear | Villager (Male) |
| 9:34 | Crear | Villager (Male) |
| 10:12 | Construir | Barracks |
| 10:15 | Edad | Edad Feudal |
| 10:44 | Investigar | Man-at-Arms (upgrade) |
| 10:51 | Crear | Villager (Male) |
| 11:10 | Construir | Market |
| 11:14 | Construir | Blacksmith |
| 11:18 | Crear | Villager (Male) |
| 11:30 | Construir | Mining Camp |
| 12:21 | Construir | Palisade Wall |
| 12:30 | Construir | Farm |
| 12:31 | Construir | Farm |
| 12:31 | Construir | Farm |
| 12:31 | Construir | Farm |
| 12:48 | Investigar | Arson |
| 12:49 | Crear | Militia ×2 |
| 12:56 | Crear | Villager (Male) |
| 13:22 | Construir | House |
| 13:33 | Crear | Militia ×3 |
| 13:48 | Crear | Militia |
| 13:53 | Construir | Farm |
| 14:04 | Construir | Farm |
| 14:12 | Construir | House |
| 14:22 | Construir | House |
| 14:25 | Construir | House |
| 15:15 | Investigar | Forging |
| 15:17 | Investigar | Scale Mail Armor |
| 15:23 | Construir | Mining Camp |
| 16:32 | Crear | Villager (Male) |
| 16:33 | Crear | Villager (Male) |
| 16:42 | Construir | Farm |
| 16:42 | Construir | Farm |
| 16:43 | Construir | Farm |
| 17:07 | Crear | Villager (Male) |
| 17:08 | Crear | Villager (Male) |
| 17:25 | Construir | Farm |
| 17:53 | Crear | Villager (Male) |
| 18:07 | Construir | Farm |
| 18:12 | Crear | Spearman |
| 18:12 | Crear | Spearman |
| 18:12 | Crear | Spearman |
| 18:13 | Crear | Spearman |
| 19:14 | Crear | Villager (Male) |
| 19:15 | Crear | Villager (Male) |
| 19:26 | Construir | Farm |
| 19:30 | Crear | Villager (Male) |
| 19:43 | Construir | Palisade Wall |
| 20:10 | Construir | Farm |
| 20:15 | Construir | Lumber Camp |
| 20:18 | Construir | Farm |
| 20:22 | Construir | Farm |
| 20:25 | Construir | Farm |
| 20:30 | Construir | Farm |
| 21:02 | Construir | Farm |
| 21:10 | Construir | Palisade Wall |
| 21:29 | Investigar | Castle Age |
| 21:42 | Construir | Palisade Gate |
| 21:50 | Construir | Palisade Gate |
| 21:57 | Crear | Villager (Male) |
| 22:19 | Construir | House |
| 22:27 | Construir | House |
| 22:37 | Construir | House |
| 23:16 | Investigar | Double-Bit Axe |
| 23:19 | Investigar | Horse Collar |
| 23:30 | Crear | Villager (Male) |
| 23:35 | Construir | Farm |
| 24:09 | Edad | Edad de los Castillos |
| 24:25 | Crear | Villager (Male) |
| 24:29 | Investigar | Bow Saw |
| 24:59 | Crear | Villager (Male) |
| 26:03 | Crear | Villager (Male) |
| 26:04 | Crear | Villager (Male) |
| 26:05 | Crear | Villager (Male) |
| 26:34 | Construir | Town Center |
| 27:32 | Crear | Villager (Male) |
| 27:33 | Crear | Villager (Male) |
| 27:33 | Crear | Villager (Male) |
| 29:31 | Construir | Castle |
| 29:34 | Investigar | Stone Mining |
| 29:35 | Investigar | Gold Mining |
| 29:37 | Crear | Villager (Male) |
| 29:37 | Crear | Villager (Male) |
| 29:37 | Crear | Villager (Male) |
| 29:38 | Crear | Villager (Male) |
| 29:38 | Crear | Villager (Male) |
| 29:38 | Crear | Villager (Male) |
| 29:39 | Crear | Villager (Male) |
| 29:42 | Crear | Villager (Male) |
| 29:43 | Crear | Villager (Male) |
| 29:52 | Construir | Lumber Camp |
| 29:57 | Investigar | Iron Casting |
| 29:57 | Investigar | Chain Mail Armor |
| 29:58 | Investigar | Fletching |
| 30:06 | Investigar | Stone Shaft Mining |
| 30:10 | Crear | Villager (Male) |
| 30:10 | Crear | Villager (Male) |
| 30:28 | Investigar | Heavy Plow |
| 30:42 | Crear | Villager (Male) |
| 31:33 | Construir | Siege Workshop |
| 31:42 | Construir | Siege Workshop |
| 32:04 | Investigar | Stronghold |
| 32:05 | Crear | Woad Raider |
| 32:05 | Crear | Woad Raider |
| 32:06 | Crear | Woad Raider |
| 32:06 | Crear | Woad Raider |
| 32:06 | Crear | Woad Raider |
| 32:07 | Crear | Woad Raider |
| 32:07 | Crear | Woad Raider |
| 32:07 | Crear | Woad Raider |
| 32:07 | Crear | Woad Raider |
| 32:08 | Crear | Woad Raider |
| 32:08 | Crear | Woad Raider |
| 32:08 | Crear | Woad Raider |
| 32:17 | Crear | Villager (Male) |
| 32:17 | Crear | Villager (Male) |
| 32:21 | Construir | Farm |
| 32:21 | Construir | Farm |
| 32:22 | Construir | Farm |
| 32:22 | Construir | Farm |
Build order — pIpOcAo
Primeras 150 de 383 acciones detectadas
| 0:01 | Crear | Villager (Male) |
| 0:01 | Crear | Villager (Male) |
| 0:01 | Crear | Villager (Male) |
| 0:03 | Construir | House |
| 0:07 | Construir | House |
| 0:09 | Crear | Villager (Male) |
| 1:25 | Crear | Villager (Male) |
| 1:53 | Construir | Lumber Camp |
| 1:55 | Crear | Villager (Male) |
| 2:14 | Crear | Villager (Male) |
| 2:34 | Construir | House |
| 2:44 | Crear | Villager (Male) |
| 3:24 | Crear | Villager (Male) |
| 3:45 | Crear | Villager (Male) |
| 4:02 | Crear | Villager (Male) |
| 4:19 | Crear | Villager (Male) |
| 5:08 | Crear | Villager (Male) |
| 5:22 | Crear | Villager (Male) |
| 5:56 | Crear | Villager (Male) |
| 6:26 | Investigar | Loom |
| 7:08 | Crear | Villager (Male) |
| 7:15 | Construir | Mill |
| 7:33 | Construir | Barracks |
| 7:48 | Investigar | Feudal Age |
| 7:54 | Construir | Mining Camp |
| 7:57 | Construir | House |
| 8:19 | Construir | Palisade Wall |
| 8:35 | Construir | Palisade Wall |
| 9:20 | Construir | Palisade Wall |
| 9:58 | Edad | Edad Feudal |
| 10:15 | Crear | Villager (Male) |
| 10:19 | Construir | Archery Range |
| 10:30 | Crear | Villager (Male) |
| 11:00 | Construir | Archery Range |
| 11:04 | Crear | Spearman |
| 11:05 | Crear | Villager (Male) |
| 11:10 | Crear | Villager (Male) |
| 11:22 | Investigar | Double-Bit Axe |
| 11:24 | Construir | House |
| 11:30 | Crear | Archer |
| 11:31 | Crear | Archer |
| 11:42 | Crear | Villager (Male) |
| 11:54 | Construir | House |
| 12:09 | Crear | Villager (Male) |
| 12:12 | Crear | Archer |
| 12:12 | Crear | Archer |
| 12:28 | Construir | Blacksmith |
| 12:35 | Crear | Villager (Male) |
| 12:37 | Crear | Archer |
| 12:45 | Crear | Archer |
| 12:51 | Crear | Archer |
| 12:56 | Construir | House |
| 13:15 | Crear | Villager (Male) |
| 13:36 | Crear | Spearman |
| 13:46 | Crear | Archer |
| 13:47 | Crear | Archer |
| 14:05 | Crear | Archer |
| 14:05 | Crear | Archer |
| 14:25 | Crear | Archer |
| 14:26 | Crear | Archer |
| 14:58 | Construir | Palisade Wall |
| 15:34 | Crear | Villager (Male) |
| 15:49 | Construir | Farm |
| 15:50 | Construir | Farm |
| 15:52 | Construir | Farm |
| 16:05 | Construir | Farm |
| 16:09 | Investigar | Fletching |
| 16:22 | Crear | Archer |
| 16:45 | Crear | Villager (Male) |
| 17:03 | Crear | Archer |
| 17:12 | Construir | Palisade Wall |
| 17:15 | Construir | Farm |
| 17:16 | Crear | Villager (Male) |
| 17:23 | Crear | Archer |
| 17:31 | Construir | Lumber Camp |
| 17:34 | Construir | Market |
| 17:40 | Crear | Villager (Male) |
| 17:56 | Crear | Archer |
| 17:56 | Crear | Archer |
| 18:05 | Construir | Farm |
| 18:06 | Crear | Villager (Male) |
| 18:08 | Crear | Villager (Male) |
| 18:11 | Construir | House |
| 18:41 | Crear | Archer |
| 18:43 | Crear | Villager (Male) |
| 18:48 | Crear | Archer |
| 19:02 | Crear | Archer |
| 19:02 | Crear | Archer |
| 19:06 | Construir | House |
| 19:06 | Construir | House |
| 19:27 | Crear | Archer |
| 19:42 | Crear | Archer |
| 19:53 | Construir | House |
| 19:57 | Construir | Palisade Wall |
| 20:38 | Crear | Archer |
| 20:39 | Crear | Archer |
| 20:39 | Crear | Archer |
| 20:50 | Crear | Villager (Male) |
| 20:51 | Construir | Farm |
| 20:57 | Crear | Archer |
| 21:04 | Construir | House |
| 21:05 | Construir | House |
| 21:22 | Crear | Archer |
| 21:23 | Crear | Archer |
| 21:59 | Crear | Archer |
| 22:00 | Crear | Archer |
| 22:00 | Crear | Archer |
| 22:35 | Crear | Villager (Male) |
| 22:37 | Construir | Farm |
| 22:41 | Construir | Farm |
| 22:41 | Construir | Farm |
| 22:41 | Construir | Farm |
| 22:41 | Construir | Farm |
| 22:42 | Construir | Farm |
| 22:45 | Crear | Archer |
| 22:46 | Crear | Archer |
| 23:16 | Construir | Palisade Wall |
| 23:27 | Construir | House |
| 23:29 | Construir | House |
| 23:39 | Investigar | Castle Age |
| 24:22 | Construir | Palisade Gate |
| 24:26 | Crear | Archer |
| 24:29 | Investigar | Gold Mining |
| 24:38 | Construir | Lumber Camp |
| 24:43 | Construir | Palisade Wall |
| 24:51 | Crear | Archer |
| 24:52 | Crear | Archer |
| 25:18 | Crear | Archer |
| 25:21 | Crear | Villager (Male) |
| 25:40 | Crear | Archer |
| 26:16 | Construir | House |
| 26:19 | Edad | Edad de los Castillos |
| 26:24 | Investigar | Crossbowman (upgrade) |
| 26:25 | Investigar | Bodkin Arrow |
| 26:28 | Crear | Villager (Male) |
| 26:35 | Construir | Town Center |
| 26:42 | Construir | House |
| 26:47 | Construir | House |
| 26:59 | Construir | Palisade Wall |
| 27:29 | Crear | Archer |
| 27:29 | Crear | Archer |
| 27:30 | Crear | Archer |
| 27:31 | Crear | Archer |
| 27:35 | Crear | Villager (Male) |
| 27:40 | Construir | House |
| 27:42 | Construir | House |
| 27:45 | Construir | House |
| 27:54 | Crear | Villager (Male) |
| 28:09 | Construir | House |
| 28:12 | Construir | Palisade Wall |
Cronología de la partida
| 6:51 | |B4ST4RDS| gangster0x SKINS · wall_segment Palisade Wall x7 |
| 6:57 | |B4ST4RDS| gangster0x SKINS · wall_segment Palisade Wall x10 |
| 7:24 | Dhevon · first_building Barracks |
| 7:33 | pIpOcAo · first_building Barracks |
| 8:19 | pIpOcAo · wall_segment Palisade Wall x12 |
| 8:24 | Fulano · first_building Barracks |
| 8:35 | pIpOcAo · wall_segment Palisade Wall x1 |
| 8:46 | xand3 · first_building Barracks |
| 8:47 | Edu · first_building Barracks |
| 8:55 | |B4ST4RDS| gangster0x SKINS · first_building Barracks |
| 9:02 | O Theus · first_building Barracks |
| 9:07 | O Theus · wall_segment Palisade Wall x3 |
| 9:11 | Fide · first_building Barracks |
| 9:20 | pIpOcAo · wall_segment Palisade Wall x5 |
| 9:39 | xand3 · age_up feudal |
| 9:40 | Edu · age_up feudal |
| 9:44 | Edu · first_building Stable |
| 9:58 | pIpOcAo · age_up feudal |
| 10:12 | Fulano · wall_segment Palisade Wall x6 |
| 10:14 | xand3 · first_building Stable |
| 10:15 | |B4ST4RDS| gangster0x SKINS · age_up feudal |
| 10:18 | O Theus · age_up feudal |
| 10:19 | pIpOcAo · first_building Archery Range |
| 10:21 | O Theus · first_building Stable |
| 10:24 | Edu · wall_segment Palisade Wall x1 |
| 10:26 | Fide · age_up feudal |
| 10:37 | Dhevon · wall_segment Palisade Wall x6 |
| 10:43 | Dhevon · wall_segment Palisade Wall x4 |
| 10:46 | Dhevon · age_up feudal |
| 11:04 | Dhevon · wall_segment Palisade Wall x5 |
| 11:57 | Fulano · age_up feudal |
| 12:02 | Fulano · first_building Stable |
| 12:21 | |B4ST4RDS| gangster0x SKINS · wall_segment Palisade Wall x10 |
| 12:41 | Fulano · wall_segment Palisade Wall x3 |
| 12:43 | Fulano · wall_segment Palisade Wall x9 |
| 13:00 | Dhevon · wall_segment Palisade Wall x3 |
| 13:35 | Fulano · wall_segment Palisade Wall x9 |
| 13:36 | Fulano · wall_segment Palisade Wall x10 |
| 14:58 | pIpOcAo · wall_segment Palisade Wall x1 |
| 17:08 | xand3 · first_market_sell 100 wood |
| 17:10 | xand3 · first_market_buy 100 food |
| 17:12 | pIpOcAo · wall_segment Palisade Wall x18 |
| 17:36 | xand3 · first_building Archery Range |
| 17:47 | Fide · first_building Archery Range |
| 19:00 | pIpOcAo · first_market_sell 100 wood |
| 19:43 | |B4ST4RDS| gangster0x SKINS · wall_segment Palisade Wall x16 |
| 19:44 | O Theus · first_market_sell 100 food |
| 19:57 | pIpOcAo · wall_segment Palisade Wall x11 |
| 20:19 | Edu · first_market_buy 100 food |
| 21:10 | |B4ST4RDS| gangster0x SKINS · wall_segment Palisade Wall x12 |
| 21:27 | |B4ST4RDS| gangster0x SKINS · first_market_buy 100 food |
| 22:33 | O Theus · age_up castle |
| 23:02 | Edu · age_up castle |
| 23:16 | pIpOcAo · wall_segment Palisade Wall x17 |
| 24:09 | |B4ST4RDS| gangster0x SKINS · age_up castle |
| 24:43 | pIpOcAo · wall_segment Palisade Wall x1 |
| 26:19 | pIpOcAo · age_up castle |
| 26:59 | pIpOcAo · wall_segment Palisade Wall x2 |
| 27:01 | O Theus · first_market_buy 100 wood |
| 27:40 | Fulano · age_up castle |
| 28:12 | pIpOcAo · wall_segment Palisade Wall x1 |
| 28:16 | pIpOcAo · wall_segment Palisade Wall x1 |
| 28:26 | pIpOcAo · wall_segment Palisade Wall x1 |
| 28:57 | O Theus · first_building Castle |
| 29:21 | O Theus · wall_segment Stone Wall x1 |
| 29:31 | |B4ST4RDS| gangster0x SKINS · first_building Castle |
| 30:18 | xand3 · age_up castle |
| 30:25 | O Theus · first_building Monastery |
| 31:07 | Fulano · first_building Castle |
| 31:27 | Edu · first_market_sell 100 wood |
| 31:33 | |B4ST4RDS| gangster0x SKINS · first_building Siege Workshop |
| 33:37 | Edu · first_building Siege Workshop |
| 33:46 | xand3 · first_building Siege Workshop |
| 34:11 | Edu · first_building Castle |
| 34:31 | O Theus · wall_segment Stone Wall x1 |
| 34:32 | Edu · first_building Monastery |
| 34:32 | O Theus · wall_segment Stone Wall x2 |
| 35:11 | Fulano · first_market_sell 100 food |
| 35:38 | Fide · tribute_sent a jugador 1 |
| 35:38 | Fide · tribute_sent a jugador 2 |
| 35:38 | Fide · tribute_sent a jugador 3 |
| 35:38 | Fide · tribute_sent a jugador 5 |
| 35:38 | Fide · tribute_sent a jugador 6 |
| 35:38 | Fide · tribute_sent a jugador 7 |
| 35:38 | Fide · tribute_sent a jugador 8 |
| 35:45 | Fulano · first_building Monastery |
| 36:09 | Fide · age_up castle |
| 36:45 | O Theus · age_up imperial |
| 37:38 | Fide · first_building Castle |
| 37:47 | pIpOcAo · wall_segment Palisade Wall x1 |
| 38:08 | Fulano · first_market_buy 100 food |
| 40:16 | Edu · age_up imperial |
| 41:02 | Fide · tribute_sent a jugador 1 |
| 41:02 | Fide · tribute_sent a jugador 2 |
| 41:02 | Fide · tribute_sent a jugador 3 |
| 41:02 | Fide · tribute_sent a jugador 5 |
| 41:02 | Fide · tribute_sent a jugador 6 |
| 41:02 | Fide · tribute_sent a jugador 7 |
| 41:02 | Fide · tribute_sent a jugador 8 |
| 41:15 | Dhevon · first_market_sell 500 food |
| 42:01 | O Theus · tribute_sent a jugador 1 |
| 42:01 | O Theus · tribute_sent a jugador 2 |
| 42:01 | O Theus · tribute_sent a jugador 3 |
| 42:01 | O Theus · tribute_sent a jugador 4 |
| 42:01 | O Theus · tribute_sent a jugador 5 |
| 42:01 | O Theus · tribute_sent a jugador 7 |
| 42:01 | O Theus · tribute_sent a jugador 8 |
| 44:24 | Dhevon · tribute_sent a jugador 1 |
| 44:24 | Dhevon · tribute_sent a jugador 2 |
| 44:24 | Dhevon · tribute_sent a jugador 4 |
| 44:24 | Dhevon · tribute_sent a jugador 5 |
| 44:24 | Dhevon · tribute_sent a jugador 6 |
| 44:24 | Dhevon · tribute_sent a jugador 7 |
| 44:24 | Dhevon · tribute_sent a jugador 8 |
| 44:44 | Dhevon · age_up castle |
| 45:19 | |B4ST4RDS| gangster0x SKINS · age_up imperial |
| 46:32 | pIpOcAo · first_market_buy 100 stone |
| 46:36 | |B4ST4RDS| gangster0x SKINS · first_market_sell 500 wood |
| 46:40 | pIpOcAo · first_building Castle |
| 46:58 | Edu · tribute_sent a jugador 1 |
| 46:58 | Edu · tribute_sent a jugador 2 |
| 46:58 | Edu · tribute_sent a jugador 3 |
| 46:58 | Edu · tribute_sent a jugador 4 |
| 46:58 | Edu · tribute_sent a jugador 6 |
| 46:58 | Edu · tribute_sent a jugador 7 |
| 46:58 | Edu · tribute_sent a jugador 8 |
| 47:05 | Fulano · age_up imperial |
| 47:09 | Fide · first_building Monastery |
| 47:10 | O Theus · tribute_sent a jugador 1 |
| 47:10 | O Theus · tribute_sent a jugador 2 |
| 47:10 | O Theus · tribute_sent a jugador 3 |
| 47:10 | O Theus · tribute_sent a jugador 4 |
| 47:10 | O Theus · tribute_sent a jugador 5 |
| 47:10 | O Theus · tribute_sent a jugador 7 |
| 47:10 | O Theus · tribute_sent a jugador 8 |
| 47:14 | xand3 · first_building Monastery |
| 48:04 | Edu · first_building Archery Range |
| 48:35 | |B4ST4RDS| gangster0x SKINS · tribute_sent a jugador 1 |
| 48:35 | |B4ST4RDS| gangster0x SKINS · tribute_sent a jugador 2 |
| 48:35 | |B4ST4RDS| gangster0x SKINS · tribute_sent a jugador 3 |
| 48:35 | |B4ST4RDS| gangster0x SKINS · tribute_sent a jugador 4 |
| 48:35 | |B4ST4RDS| gangster0x SKINS · tribute_sent a jugador 5 |
| 48:35 | |B4ST4RDS| gangster0x SKINS · tribute_sent a jugador 6 |
| 48:35 | |B4ST4RDS| gangster0x SKINS · tribute_sent a jugador 8 |
| 48:35 | Dhevon · resign |
| 48:38 | xand3 · first_building Castle |
| 48:49 | Fide · tribute_sent a jugador 1 |
| 48:49 | Fide · tribute_sent a jugador 2 |
| 48:49 | Fide · tribute_sent a jugador 3 |
| 48:49 | Fide · tribute_sent a jugador 5 |
| 48:49 | Fide · tribute_sent a jugador 6 |
| 48:49 | Fide · tribute_sent a jugador 7 |
| 48:49 | Fide · tribute_sent a jugador 8 |
[ ANÁLISIS IA · 1 CRÉDITO ]
¿Qué pasó realmente en esta partida?
Wolo.gg analiza cada decisión: build order, eco, micro, errores típicos por bracket. Análisis personalizado por WhatsApp o Discord en 30 segundos.
Guía civ
Macedonians
Guía mapa
Arabia
Perfil
Jugador #216833